 Dungeon Crawl Stone Soup version 0.31.0-1-g2c135a0 (webtiles) character file.

Game seed: 11700937310377982150

4218 brinewave the Cleaver (level 10, -10/90 HPs)
             Began as a Minotaur Fighter on Feb 1, 2024.
             Was a Priest of Ru.
             Mangled by a rakshasa
             ... wielding a +0 long sword
              (19 damage)
             ... on level 1 of the Abyss.
             The game lasted 00:30:47 (8399 turns).

brinewave the Cleaver (Minotaur Fighter)            Turns: 8399, Time: 00:30:48

Health: -10/90     AC: 20    Str: 25    XL:     10   Next: 9%
Magic:  9/9        EV:  6    Int:  5    God:    Ru [***...]
Gold:   399        SH: 12    Dex: 10    Spells: 9/9 levels left

rFire   x . .        a - +0 war axe
rCold   x . .        h - +2 kite shield
rNeg    + . .        w - +7 plate armour of Mojofocw {rElec}
rPois   .            (helmet restricted)
rElec   +            (no cloak)
rCorr   .            (no gloves)
SInv    +            (no boots)
Will    .....        i - amulet of the acrobat Stlth
                     t - ring of see invisible
HPRegen 0.35/turn    o - ring of positive energy
MPRegen 0.11/turn

%: acrobat
@: mighty, hasted, very quick
A: horns 2, no air magic, no conjurations magic, no hexes magic, temperature
sensitive, retaliatory headbutt
a: Renounce Religion, Draw Out Power


You were on level 1 of the Abyss.
You worshipped Ru.
Ru was most pleased with you.
You visited 2 branches of the dungeon, and saw 10 of its levels.
You visited the Abyss 1 time.

You collected 399 gold pieces.

Inventory:

Hand Weapons
 a - a +0 war axe (weapon)
Missiles
 e - 9 poisoned darts
 n - 10 boomerangs (quivered)
 p - a throwing net
 z - a curare-tipped dart
Armour
 h - a +2 kite shield (worn)
 w - the +7 plate armour of Mojofocw (worn) {rElec}
   (You found it on level 5 of the Dungeon)

   rElec:     It insulates you from electricity.
Jewellery
 i - an amulet of the acrobat (around neck)
 m - an amulet of guardian spirit
 o - a ring of positive energy (right hand)
 t - a ring of see invisible (left hand)
Wands
 s - a wand of flame (33)
 C - a wand of roots (6)
 F - a wand of mindburst (11)
Scrolls
 b - 2 scrolls of enchant armour {unknown}
 f - a scroll of fog
 g - a scroll of fear {unknown}
 k - a scroll of immolation {unknown}
 q - 2 scrolls of blinking
 v - a scroll of summoning {unknown}
 x - 2 scrolls of teleportation
 A - a scroll of silence {unknown}
 D - a scroll of enchant weapon {unknown}
 E - a scroll of revelation
Potions
 d - a potion of might
 j - a potion of lignification
 l - a potion of enlightenment {unknown}
 u - 2 potions of curing
 B - a potion of mutation {unknown}
 G - a potion of attraction {unknown}


   Skills:
 + Level 8.6 Fighting
 * Level 11.3 Axes
 + Level 8.6 Armour
 + Level 8.7 Shields


You had 9 spell levels left.
You didn't know any spells.
Your spell library contained the following spells:

 Spells                   Type           Power      Damage    Failure   Level
 Freeze                   Ice            0%         1d3       100%        1
 Frozen Ramparts          Ice            0%         1d1       100%        3
 Passage of Golubria      Tloc           0%         N/A       100%        4
 Borgnjor's Vile Clutch   Necr/Erth      0%         N/A       100%        5
 Death Channel            Necr           0%         N/A       100%        6
 Ensorcelled Hibernation  Hex/Ice        Unusable   N/A       N/A         2
 Hailstorm                Conj/Ice       Unusable   3d5       N/A         3
 Tukima's Dance           Hex            Unusable   N/A       N/A         3
 Freezing Cloud           Conj/Ice/Air   Unusable   6-21      N/A         5
 Yara's Violent Unravell  Hex/Alch       Unusable   3d3       N/A         5

Dungeon Overview and Level Annotations

Branches:
Dungeon (9/15)             Temple (1/1) D:6
   Lair: D:8-11         Orc: D:9-12

Altars:
Ashenzari
Cheibriados
Dithmenos
Elyvilon
Gozag
Hepliaklqana
Kikubaaqudgha
Makhleb
Nemelex Xobeh
Okawaru
Qazlal
Ru
Sif Muna
Trog
Uskayaw
Wu Jian
Xom
Yredelemnul
Zin
The Shining One

Shops:
D:8 (

Annotations:
D:3 1 runed translucent door, Crazy Yiuf
D:5 1 runed translucent door, skavnox's ghost, amateur GrEE
D:9 Erolcha


Innate Abilities, Weirdness & Mutations

You have a pair of horns on your head.
You cannot study or cast Air magic.
You cannot study or cast Conjurations magic.
You cannot study or cast Hexes magic.
You are sensitive to extremes of temperature. (rF-, rC-)
You reflexively headbutt those who attack you in melee.


Message History

You feel very mighty all of a sudden.
The rakshasa hits you with a +0 long sword!!
You closely miss the rakshasa. You block the rakshasa's attack.
You barely miss the rakshasa.
The rakshasa hits you but does no damage.
You miss the rakshasa. You block the rakshasa's attack.
You slice the rakshasa!! Your headbutt misses the rakshasa.
The rakshasa is heavily wounded.
The rakshasa hits you with a +0 long sword.
* * * LOW HITPOINT WARNING * * *
You closely miss the rakshasa.
The rakshasa is heavily wounded.
The rakshasa hits you with a +0 long sword!
* * * LOW HITPOINT WARNING * * *
You feel yourself speed up. You block the rakshasa's attack.
You barely miss the rakshasa.
The rakshasa is moderately wounded.
You closely miss the rakshasa. You headbutt the rakshasa!
The rakshasa is heavily wounded.
The injured rakshasa weaves a defensive illusion!
The rakshasa blinks!
The rakshasa barely misses you.
You closely miss the rakshasa.
The rakshasa is heavily wounded.
You slice the rakshasa!!
You kill the rakshasa!
The rakshasa shimmers and vanishes!
You hit the rakshasa.
The rakshasa hits you but does no damage. x2
You slash the rakshasa! Your headbutt misses the rakshasa.
The rakshasa is almost dead.
You barely miss the rakshasa. The rakshasa gestures at you.
You block the lance of force.
The rakshasa begins to attack, but is stunned by your conviction!
You slash the rakshasa!
You kill the rakshasa!
The rakshasa shimmers and vanishes!
You barely miss the rakshasa. You closely miss the rakshasa.
The rakshasa is heavily wounded.
The rakshasa hits you with a +0 long sword!!
You die...

. #.. #
# .# .
.#.##.
# # # .
#. # .
#. ....
#. (#.
#
..###..
# . .#
.(
.#.#..
# #.##
# # . .
.#.R#
.. . #
# #.@##
# #..#
.#...#
# .
#.##.##
# #
#####
.# #


You could see a rakshasa.

Vanquished Creatures
  3 raiju (Abyss:1)
  A steam dragon (D:8)
  A water moccasin (D:6)
  2 orc warriors (D:8)
  A sky beast (D:6)
  4 black bears
  2 ice beasts (D:7)
  2 small abominations (Abyss:1)
  2 centaurs
  A phantom (D:6)
  3 kobold brigands
  3 bullfrogs
  A gnoll sergeant (D:8)
  7 scorpions
  4 howler monkeys
  6 hounds
  5 jellies
  3 bombardier beetles
  2 orc priests
  2 gnoll boudas (D:5)
  2 sleepcaps
  4 iguanas
  6 orc wizards
  16 gnolls
  8 adders
  A shadow imp (D:8)
  4 white imps
  4 dart slugs
  5 ribbon worms
  30 orcs
  6 ball pythons
  6 endoplasms
  3 giant cockroaches
  6 goblins
  5 hobgoblins
  4 jackals
  23 kobolds
  3 quokkas
  3 training dummies (D:8)
  2 bats
  5 frilled lizards
  9 rats
210 creatures vanquished.

Vanquished Creatures (others)
  4 starspawn tentacles (Abyss:1)
4 creatures vanquished.

Grand Total: 214 creatures vanquished

Notes
Turn   | Place    | Note
-------+----------+-------------------------------------------
     0 | D:1      | brinewave the Minotaur Fighter began the quest for the Orb.
     0 | D:1      | Reached XP level 1. HP: 19/19 MP: 0/0
   137 | D:1      | Reached XP level 2. HP: 25/27 MP: 1/1
   301 | D:1      | Reached skill level 3 in Axes
   878 | D:2      | Reached XP level 3. HP: 32/33 MP: 2/2
  1028 | D:2      | Got the Collected Works on Gelid Necromancy
  1151 | D:2      | Reached XP level 4. HP: 34/40 MP: 3/3
  1651 | D:3      | Reached skill level 4 in Axes
  1689 | D:3      | Found a runed translucent door.
  1690 | D:3      | Noticed Crazy Yiuf
  1752 | D:3      | Reached XP level 5. HP: 33/47 MP: 4/4
  2364 | D:3      | Reached skill level 5 in Axes
  2701 | D:4      | Reached skill level 5 in Armour
  2701 | D:4      | Reached skill level 5 in Shields
  2701 | D:4      | Reached XP level 6. HP: 55/55 MP: 5/5
  2813 | D:4      | Reached skill level 5 in Fighting
  3338 | D:4      | Found a faded altar of an unknown god.
  3338 | D:4      | Found a sacrificial altar of Ru.
  3345 | D:4      | Found a faded altar of an unknown god.
  3347 | D:4      | Found a shimmering altar of Xom.
  3351 | D:4      | Found a stormy altar of Qazlal.
  3506 | D:4      | Became a worshipper of Ru the Awakened
  3536 | D:5      | Entered Level 5 of the Dungeon
  3545 | D:5      | Reached skill level 6 in Axes
  3642 | D:5      | Identified the +7 plate armour of Mojofocw {rElec}
  3699 | D:5      | Reached XP level 7. HP: 61/61 MP: 6/6
  3884 | D:5      | Found a runed translucent door.
  3978 | D:5      | Noticed skavnox's ghost (amateur GrEE)
  4090 | D:5      | Reached skill level 7 in Axes
  4341 | D:5      | Reached XP level 8. HP: 69/70 MP: 7/7
  4379 | D:5      | Gained mutation: You cannot study or cast Air magic. [Ru
                  | sacrifice]
  4379 | D:5      | Gained mutation: You cannot study or cast Hexes magic. [Ru
                  | sacrifice]
  4379 | D:5      | Gained mutation: You cannot study or cast Conjurations
                  | magic. [Ru sacrifice]
  4379 | D:5      | Reached * piety under Ru
  4388 | D:5      | You fall into a shaft and drop 3 floors!
  4612 | D:8      | Reached skill level 8 in Axes
  4715 | D:8      | Found Narghur's Firing Range.
  5168 | D:6      | Found a staircase to the Ecumenical Temple.
  5229 | D:6      | Reached skill level 9 in Axes
  5250 | Temple   | Entered the Ecumenical Temple
  5391 | D:6      | Reached XP level 9. HP: 71/79 MP: 8/8
  6102 | D:7      | Reached skill level 10 in Axes
  6345 | D:7      | Found a white marble altar of Elyvilon.
  6965 | D:8      | Gained mutation: You are sensitive to extremes of
                  | temperature. (rF-, rC-) [Ru sacrifice]
  6965 | D:8      | Reached ** piety under Ru
  6965 | D:8      | Reached *** piety under Ru
  6982 | D:8      | Found a glowing golden altar of the Shining One.
  8051 | D:9      | Noticed Erolcha
  8055 | Abyss:1  | Cast into level 1 of the Abyss (Erolcha)
  8056 | Abyss:1  | Found a corrupted altar of Lugonu.
  8084 | Abyss:1  | Reached skill level 11 in Axes
  8111 | Abyss:1  | Reached XP level 10. HP: 48/90 MP: 9/9
  8142 | Abyss:1  | Noticed a large abomination
  8143 | Abyss:1  | Noticed a tentacled starspawn
  8166 | Abyss:1  | Found a corrupted altar of Lugonu.
  8170 | Abyss:1  | Noticed a red draconian
  8174 | Abyss:1  | Noticed a rust devil
  8177 | Abyss:1  | Found a corrupted altar of Lugonu.
  8177 | Abyss:1  | Noticed a thrashing horror
  8177 | Abyss:1  | Found a corrupted altar of Lugonu.
  8181 | Abyss:1  | Noticed a sixfirhy
  8212 | Abyss:1  | Found a corrupted altar of Lugonu.
  8253 | Abyss:1  | Found a corrupted altar of Lugonu.
  8257 | Abyss:1  | Noticed a tentacled starspawn
  8282 | Abyss:1  | Noticed a worldbinder
  8283 | Abyss:1  | Noticed a tentacled starspawn
  8288 | Abyss:1  | Noticed a deep elf pyromancer
  8288 | Abyss:1  | Noticed a deep elf zephyrmancer
  8294 | Abyss:1  | Noticed a deep elf pyromancer
  8294 | Abyss:1  | Noticed a deep elf zephyrmancer
  8381 | Abyss:1  | Noticed a rakshasa
  8399 | Abyss:1  | Mangled by a rakshasa

Illustrated notes

Levels and vault maps discovered:
D:1:      dpeg_arrival_pits, layout_basic
D:2:      minmay_skewed_foursquare, layout_loops_ring, bh_walls_and_bars
D:3:      layout_loops_cross, uniq_crazy_yiuf_cottage
D:4:      layout_basic, chequers_temple_overflow_minitemple, minivault_23,
          nrook_uturn
D:5:      layout_basic, gammafunk_ghost_grave,
          hangedman_abyss_or_decor_lesser_grid
D:6:      layout_loops_ring, minmay_temple_entry_grid, minmay_pentangle
D:7:      layout_basic, mainiacjoe_overflow_alcove_1, minivault_24
D:8:      layout_layer_cave, nicolae_tso_carved_into_rock,
          nicolae_shop_firing_range
D:9:      layout_cave_pools, mainiacjoe_overflow_big_doors, orc_0_dummy,
          serial_shops, shop, uniq_erolcha
Temple:   minmay_freezing_vapour_temple
Abyss:1:  base:
Temple

Skill      XL: |  1  2  3  4  5  6  7  8  9 |
---------------+----------------------------+-----
Axes           | 3 4 5 6 7 9 11 | 11.3
Shields        | 4 5 6 7 8 |  8.7
Fighting       | 4 5 6 7 8 |  8.6
Armour         | 4 5 6 7 8 |  8.6

Action                     |  1- 3 |  4- 6 |  7- 9 | 10-12 || total
---------------------------+-------+-------+-------+-------++-------
  Melee: War axe           |    88 |   148 |   339 |    20 ||   595
         Headbutt          |    10 |    21 |    64 |     4 ||    99
  Throw: Stone             |     1 |       |       |       ||     1
         Boomerang         |       |    13 |       |       ||    13
         Dart              |       |       |       |     2 ||     2
 Invoke: Sacrifice Arcana  |       |       |     1 |       ||     1
         Sacrifice Resista |       |       |     1 |       ||     1
  Evoke: Wand              |       |       |       |     1 ||     1
    Use: Scroll            |       |     6 |     6 |     2 ||    14
         Potion            |       |       |     1 |     2 ||     3
 Armour: Scale mail        |    13 |       |       |       ||    13
         Chain mail        |    34 |       |       |       ||    34
         Plate armour      |     9 |   112 |   221 |    22 ||   364
  Dodge: Dodged            |    23 |    63 |   104 |    14 ||   204
  Block: Buckler           |    11 |    34 |     5 |       ||    50
         Kite shield       |       |       |   149 |    23 ||   172
